 Dungeon Crawl Stone Soup version 0.30-a0-760-g5a9884bb7c (webtiles) character file.

Game seed: 6371890748804568373

0 Esekla the Sneak (level 1, -4/11 HPs)
             Began as a Vine Stalker Delver on Feb 12, 2023.
             Was an Initiate of Vehumet.
             Slain by a mummy (13 damage)
             ... in an ossuary.
             The game lasted 00:01:45 (159 turns).

Esekla the Sneak (Vine Stalker Delver)               Turns: 159, Time: 00:01:45

Health: -4/11      AC:  3    Str: 14    XL:     1   Next: 0%
Magic:  0/2        EV: 11    Int: 10    God:    Vehumet [......]
Gold:   13         SH:  0    Dex: 15    Spells: 0/0 levels left

rFire   . . .      SeeInvis .    a - +0 falchion
rCold   . . .      Faith    .    (no shield)
rNeg    . . .      Spirit   +    b - +0 leather armour
rPois   .          Reflect  .    (no helmet)
rElec   .          Harm     .    (no cloak)
rCorr   .          Rampage  .    (no gloves)
Will    .....                    (no boots)
Stlth   +++                      (no amulet)
HPRegen 0.21/turn                (no ring)
MPRegen 0.08/turn                (no ring)

@: no status effects
A: fangs 2, magic shield, antimagic bite, no potion heal 2
a: Renounce Religion


You were in an ossuary.
You worshipped Vehumet.
Vehumet was noncommittal.
You visited 2 branches of the dungeon, and saw 2 of its levels.
You also visited: Ossuary.

You collected 13 gold pieces.

Inventory:

Hand Weapons
 a - a +0 falchion (weapon)
Armour
 b - a +0 leather armour (worn)
Wands
 g - a wand of digging (3)
Scrolls
 c - a scroll of fog
Potions
 f - a potion of haste


   Skills:
 + Level 2.6 Fighting
 + Level 1.7 Long Blades
 + Level 1.5 Dodging
 + Level 6.0 Stealth


You couldn't memorise any spells.
You didn't know any spells.
Your spell library was empty.

Dungeon Overview and Level Annotations

Branches:
Dungeon (5/15)             Temple (1/1) D:5         Ossuary (1/1)

Altars:
Cheibriados
Dithmenos
Hepliaklqana
Kikubaaqudgha
Makhleb
Nemelex Xobeh
Okawaru
Sif Muna
Vehumet
Wu Jian
Xom
Zin


Innate Abilities, Weirdness & Mutations

You have extremely sharp teeth.
When hurt, damage is shared between your health and your magic reserves.
Your bite disrupts and absorbs the magic of your enemies.
Potions cannot restore your health.


Message History

An adder comes into view.
Found a stone staircase leading down.
Found 2 stones. 2 gnolls come into view. 2 gnolls come into view.
The gnoll shouts! x4
The gnoll barely misses you. The gnoll attacks as you move away!
The gnoll closely misses you.
An adder comes into view.
Found 16 gold pieces.
Okay, then.
The gnoll attacks as you move away! The gnoll hits you with a +0 flail!
Ouch! That really hurt!
As you read the scroll of fear, it crumbles to dust.
You assume a fearsome visage.
The adder looks frightened!
The adder hisses angrily.
The gnoll looks frightened! x2
Found a sand-covered staircase.
You see here 16 gold pieces.
An orc comes into view. It is wielding a +0 whip.
Found 8 stones.
There is a sand-covered staircase here.
The world spins around you as you enter the gateway.
You enter an ossuary!
Reactivating autopickup.
Found a gate leading back out of this place.
There is an empty arch of ancient stone here.
You start resting.
Magic restored.
You start resting.
A mummy opens the door.
A mummy comes into view.
You barely miss the mummy. You bite the mummy, but do no damage.
You barely miss the mummy. The mummy hits you.
You slash the mummy! You bite the mummy. You drain its power.
You feel invigorated.
The mummy is severely damaged.
A killer bee zombie comes into view.
The mummy hits you!
Ouch! That really hurt!
You die...

#####
#@MM#.+
#.∩.'.#
#∩..#.Z.#
##### ###


You could see 2 mummies and a killer bee zombie (wandering).

Vanquished Creatures (others)
  3 withered plants (Ossuary)
3 creatures vanquished.

Notes
Turn   | Place    | Note
-------+----------+-------------------------------------------
     0 | D:5      | Esekla the Vine Stalker Delver began the quest for the Orb.
     0 | D:5      | Reached XP level 1. HP: 11/11 MP: 2/2
     5 | Temple   | Entered the Ecumenical Temple
    61 | Temple   | Became a worshipper of Vehumet
    91 | D:5      | Noticed a gnoll bouda
   135 | D:5      | Found a sand-covered staircase.
   144 | Ossuary  | Entered an ossuary
   159 | Ossuary  | Slain by a mummy

Illustrated notes

Levels and vault maps discovered:
D:5:      layout_basic, minmay_temple_entry_statues_pillars,
          nicolae_ossuary_entry_ruins, uniq_grinder, uniq_duvessa, uniq_pikel
Temple:   hellmonk_temple_forest_ring
Ossuary:  ossuary_zaba_flooded

Action                     || total
---------------------------++-------
  Melee: Falchion          ||     3
         Bite              ||     2
    Use: Scroll            ||     2
  Dodge: Dodged            ||     2

Table legend: (Time is in decaauts)
 A = Elapsed time spent in this place.
 B = Non-inter-level travel time spent in this place.
 C = Inter-level travel time spent in this place.
 D = Time resting spent in this place.
 E = Time spent auto-exploring this place.
 F = Levels seen in this place.
 G = Mean time per level.
                   A        B        C        D        E       F      G
               +--------+--------+--------+--------+--------+-----+--------+
         Total |    159 |    148 |     11 |      7 |     44 |   3 |   53.0 |
       Dungeon |     76 |     76 |      0 |      0 |      0 |   1 |   76.0 |
        Temple |     67 |     56 |     11 |      0 |     44 |   1 |   67.0 |
       Ossuary |     15 |     15 |      0 |      7 |      0 |   1 |   15.0 |
               +--------+--------+--------+--------+--------+-----+--------+

Top non-repeatable levels by time:
     D:5: 76 daAuts
  Temple: 67 daAuts
 Ossuary: 15 daAuts
